 Dungeon Crawl Stone Soup version 0.30.1-9-gdf580d7c3d (webtiles) character file.

Game seed: 9690972861076187572

13214 H0rd4k the Thaumaturge (level 12, -11/80 HPs)
             Began as an Octopode Artificer on Oct 24, 2023.
             Was an Initiate of Gozag.
             Mangled by a yak (18 damage)
             ... on level 8 of the Dungeon.
             The game lasted 00:23:04 (15098 turns).

H0rd4k the Thaumaturge (Octopode Artificer)        Turns: 15098, Time: 00:23:04

Health: -11/80     AC:  1    Str: 11    XL:     12   Next: 3%
Magic:  24/24      EV: 15    Int: 19    God:    Gozag
Gold:   1143       SH:  0    Dex: 12    Spells: 22/28 levels left

rFire   . . .        m - +7 trident (flame)
rCold   . . .        (no shield)
rNeg    + . .        (helmet restricted)
rPois   .            (no amulet)
rElec   .            a - ring of positive energy
rCorr   .            J - ring of willpower
SInv    .            (no ring)
Will    +....        (no ring)
Stlth   +++          (no ring)
HPRegen 0.33/turn    (no ring)
MPRegen 0.19/turn    (no ring)
                     (no ring)

%: no passive effects
@: gold aura
A: almost no armour, amphibious, 8 rings, camouflage 1, gelatinous body 1,
(nimble swimmer 1), tentacles
a: Renounce Religion, Potion Petition, Call Merchant, Bribe Branch


You were on level 8 of the Dungeon.
You worshipped Gozag.
Gozag was most pleased with you.
You visited 3 branches of the dungeon, and saw 13 of its levels.

You collected 1892 gold pieces.
You spent 600 gold pieces at shops.
You paid 149 gold pieces to Gozag.

Inventory:

Hand Weapons
 m - a +7 trident of flaming (weapon)
 w - the +3 scimitar "Ox" {vamp, rPois Int+3}
   (You found it on level 4 of the Dungeon)

   Int:       It affects your intelligence (+3).
   rPois:     It protects you from poison.
 C - a +2 sling of freezing
Missiles
 c - a curare-tipped dart
 e - 3 throwing nets
 f - 12 poisoned darts
 y - 2 atropa-tipped darts
Jewellery
 a - a ring of positive energy (left tentacle)
 J - a ring of willpower (right tentacle)
Wands
 b - a wand of roots (9) (quivered)
 z - a wand of polymorph (4)
 B - a wand of digging (4)
 H - a wand of flame (13)
 K - a wand of paralysis (2)
Scrolls
 i - 4 scrolls of fear
 k - 6 scrolls of teleportation
 r - 3 scrolls of amnesia
 s - a scroll of magic mapping
 x - 4 scrolls of enchant armour
 A - 2 scrolls of silence
 D - a scroll of summoning
 E - 2 scrolls of immolation
 G - a scroll of brand weapon
Potions
 g - 3 potions of curing
 h - 3 potions of lignification
 j - 4 potions of cancellation
 l - 6 potions of mutation {unknown}
 n - 2 potions of haste
 o - 2 potions of attraction
 q - 3 potions of ambrosia
 t - 5 potions of might
 u - a potion of brilliance
 v - a potion of invisibility {unknown}
 F - a potion of flight {unknown}


   Skills:
 - Level 6.6 Fighting
 - Level 0.4 Short Blades
 - Level 0.1(0.2) Long Blades
 - Level 6.8 Polearms
 + Level 1.4 Throwing
 - Level 7.0 Dodging
 - Level 1.3 Stealth
 - Level 0.4 Shields
 + Level 2.2 Unarmed Combat
 * Level 8.8 Spellcasting
 + Level 0.4 Conjurations
 + Level 3.4 Hexes
 * Level 6.2 Summonings
 + Level 0.3 Necromancy
 + Level 0.4 Translocations
 + Level 0.5 Transmutations
 + Level 0.1 Fire Magic
 + Level 0.2 Ice Magic
 * Level 5.0 Air Magic
 + Level 0.3 Earth Magic
 + Level 0.8 Poison Magic
 + Level 0.3 Invocations
 - Level 7.3 Evocations


You had 22 spell levels left.
You knew the following spells:

 Your Spells              Type           Power      Damage    Failure   Level
a - Summon Guardian Gole  Hex/Summ       26%        N/A       3%          3
b - Swiftness             Air            27%        N/A       3%          3

Your spell library contained the following spells:

 Spells                   Type           Power      Damage    Failure   Level
 Shock                    Conj/Air       72%        1d7       2%          1
 Tukima's Dance           Hex            21%        N/A       6%          3
 Lesser Beckoning         Tloc           20%        N/A       11%         2
 Airstrike                Air            13%        2d(2-18)  11%         4
 Gell's Gravitas          Tloc           10%        N/A       22%         3
 Teleport Other           Tloc           10%        N/A       22%         3
 Passage of Golubria      Tloc           10%        N/A       56%         4
 Yara's Violent Unravell  Hex/Tmut       7%         3d5       71%         5
 Orb of Destruction       Conj           5%         9d5       100%        7
 Spellforged Servitor     Conj/Summ      10%        N/A       100%        7


Dungeon Overview and Level Annotations

Branches:
Dungeon (10/15)            Temple (1/1) D:7            Lair (2/5) D:9
    Orc (0/2) D:9
  Swamp: Lair:2-3    Shoals: Lair:2-3     Snake: Lair:2-3    Spider: Lair:2-3

Altars:
Ashenzari
Cheibriados
Dithmenos
Elyvilon
Fedhas
Gozag
Kikubaaqudgha
Makhleb
Okawaru
Qazlal
Ru
Sif Muna
Trog
Uskayaw
Vehumet
Wu Jian
Xom
Yredelemnul
Zin
The Shining One

Shops:
D:3 =   D:6 *   D:8 *   D:10 [:

Annotations:
D:8 exclusions: centaur warrior, yak and 1 more exclusion
D:9 exclusion: upstairs


Innate Abilities, Weirdness & Mutations

You cannot wear most types of armour.
You are amphibious.
You can wear up to eight rings at the same time.
Your skin changes colour to match your surroundings (Stealth+).
Your rubbery body absorbs attacks. (AC +1, EV +1)
((You are camouflaged when in or above water. (Stealth+)))
You have tentacles for arms and can constrict up to eight enemies at once.


Message History

You squeeze the yak!
The yak is heavily wounded.
The yak gores you!
You puncture the yak! You burn the yak. Your squeeze misses the yak.
The yak is almost dead.
The yak gores you!
You closely miss the yak.
The yak is almost dead.
You puncture the yak! You burn the yak.
You kill the yak!
The yak closely misses you. The yak attacks as you move away!
The yak gores you!
You see here 17 gold pieces.
You barely miss the yak. Your squeeze misses the yak. The yak gores you!
You hit the yak. You burn the yak. You squeeze the yak.
The yak is moderately wounded.
The yak gores you!
* * * LOW HITPOINT WARNING * * *
You puncture the yak! You burn the yak.
The yak is heavily wounded.
The yak gores you!
* * * LOW HITPOINT WARNING * * *
Aiming: Paralyse
Press: ? - help, Shift-Dir - straight line, f - yak
Aim: a yak (heavily wounded, chance to affect: 66%)
The yak suddenly stops moving!
Unknown command.
The helpless yak fails to defend itself.
You puncture the yak! You burn the yak!
You kill the yak!
Your Air Magic skill increases to level 5!
Okay, then.
You feel better. The yak gores you.
* * * LOW HITPOINT WARNING * * *
Aiming: Paralyse
Press: ? - help, Shift-Dir - straight line, f - yak
Aim: a yak (chance to affect: 66%)
The yak struggles to resist.
The yak gores you!!
You die...
Your body crumbles into a pile of gold.

......#........#....#
..##..+..(.....#....#
####..###[######'########
#..###[######.####...##
#.....[...............#
#...........<.........#
#.....................#
##+##########Y###....##
##...##...####@###....##
#................#.....#
#................+.....#
#...........##..##..###### ####
#...........##..##..##...##....
#....#########......#.........#
#....###....##......#.........#
#......#............'.........#
#......#............#9........#


You could see a yak.

Vanquished Creatures
  Erolcha (D:9)
  A two-headed ogre (D:9)
  Amaemon (D:9)
  Joseph (D:7)
  An orange demon (D:9)
  A merfolk (D:10)
  Grinder (D:5)
  A wind drake (Lair:2)
  Prince Ribbit (D:9)
  5 blink frogs (Lair:1)
  2 dream sheep (D:7)
  Sigmund (D:6)
  3 shadows
  A wyvern (D:9)
  11 yaks
  Eustachio (D:4)
  A steam dragon (D:8)
  An acid dragon (D:9)
  A water moccasin (Lair:1)
  Duvessa (D:5)
  A swamp drake (D:9)
  An ice beast (D:8)
  3 sky beasts
  4 black bears
  6 orc warriors
  4 centaurs
  3 ogres
  2 phantoms
  A kobold brigand (D:9)
  Blork the orc (D:5)
  9 bullfrogs
  A scorpion (D:5)
  Dowan (D:5)
  5 killer bees (D:9)
  An electric eel (Lair:1)
  8 orc priests
  A gnoll bouda (D:7)
  4 jellies
  3 sleepcaps
  3 iguanas
  9 orc wizards
  Robin (D:2)
  2 gnolls (D:5)
  9 adders
  2 white imps
  4 dart slugs
  37 orcs
  4 bats (D:1)
  7 endoplasms
  7 giant cockroaches
  15 goblins
  10 hobgoblins
  4 jackals (D:4)
  10 kobolds
  6 quokkas
  7 ball pythons
  6 frilled lizards
  21 rats
260 creatures vanquished.

Vanquished Creatures (collateral kills)
  2 dream sheep (D:7)
  A yak (D:10)
  A sky beast (D:7)
  An orc priest (D:7)
  2 gnolls (D:5)
  2 orcs
9 creatures vanquished.

Vanquished Creatures (others)
  A two-headed ogre (D:9)
  A polar bear (Lair:1)
  A troll (D:9)
  A yak (D:10)
  A water moccasin (Lair:1)
  A scorpion (D:4)
  A gnoll bouda (D:5)
7 creatures vanquished.

Grand Total: 276 creatures vanquished

Notes
Turn   | Place    | Note
-------+----------+-------------------------------------------
     0 | D:1      | H0rd4k the Octopode Artificer began the quest for the Orb.
     0 | D:1      | Reached XP level 1. HP: 13/13 MP: 1/1
    42 | D:1      | Found a large runed translucent door.
    42 | D:1      | Found a large runed translucent door.
   186 | D:1      | Reached XP level 2. HP: 16/18 MP: 2/2
  1020 | D:2      | Reached XP level 3. HP: 18/23 MP: 3/3
  1118 | D:2      | Found a basalt altar of Yredelemnul.
  1199 | D:2      | Found a faded altar of an unknown god.
  1324 | D:2      | Noticed Robin
  1493 | D:3      | Reached skill level 1 in Unarmed Combat
  1563 | D:3      | Found a snail-covered altar of Cheibriados.
  1593 | D:3      | Reached XP level 4. HP: 28/28 MP: 4/4
  1634 | D:3      | Found a glowing golden altar of the Shining One.
  1690 | D:3      | Found a broken altar of Ashenzari.
  1958 | D:3      | Found Noustol's Jewellery Emporium.
  2016 | D:3      | Found an ancient bone altar of Kikubaaqudgha.
  2016 | D:3      | Found a blossoming altar of Fedhas.
  2332 | D:4      | Noticed a scorpion
  2479 | D:4      | You fall into a shaft and drop 1 floor!
  2479 | D:5      | Entered Level 5 of the Dungeon
  2636 | D:5      | Reached skill level 1 in Polearms
  2636 | D:5      | Reached XP level 5. HP: 18/33 MP: 5/5
  2749 | D:5      | Noticed a phantom
  2754 | D:5      | Killed a phantom
  2755 | D:5      | Reached XP level 6. HP: 24/39 MP: 6/6
  2818 | D:5      | Noticed Grinder
  2819 | D:5      | Paralysed by Grinder for 4 turns
  2937 | D:5      | Noticed a black bear
  2939 | D:5      | Killed a black bear
  2944 | D:5      | Noticed Blork the orc
  2946 | D:5      | Killed Blork the orc
  2947 | D:5      | Reached XP level 7. HP: 34/45 MP: 7/7
  2950 | D:5      | Noticed Duvessa
  2955 | D:5      | Killed Duvessa
  3170 | D:5      | Reached skill level 5 in Evocations
  3181 | D:5      | Paralysed by Grinder for 5 turns
  3189 | D:5      | Killed Grinder
  3190 | D:5      | Reached skill level 5 in Polearms
  3190 | D:5      | Reached XP level 8. HP: 28/51 MP: 8/8
  3537 | D:5      | Noticed Dowan
  3541 | D:5      | Killed Dowan
  3707 | D:4      | Found a hide-covered altar of Uskayaw.
  3852 | D:4      | Noticed an air elemental
  3872 | D:4      | Found a stormy altar of Qazlal.
  3874 | D:4      | Noticed a water elemental
  3900 | D:4      | Found a bloodstained altar of Trog.
  3950 | D:4      | Noticed Eustachio
  3974 | D:4      | Killed Eustachio
  4252 | D:4      | Identified the +3 scimitar "Ox" {vamp, rPois Int+3}
  4601 | D:6      | Found Dhuph's Desiderata Depot.
  4756 | D:6      | Reached skill level 5 in Dodging
  4933 | D:6      | Reached skill level 1 in Spellcasting
  4991 | D:6      | Reached XP level 9. HP: 41/58 MP: 9/11
  5232 | D:6      | Noticed Sigmund
  5255 | D:6      | Killed Sigmund
  5256 | D:6      | Reached skill level 2 in Spellcasting
  5358 | D:6      | Found a basalt altar of Yredelemnul.
  5680 | D:7      | Reached skill level 5 in Fighting
  5782 | D:7      | Reached skill level 3 in Spellcasting
  5807 | D:7      | Found a glowing silver altar of Zin.
  5838 | D:7      | Found a shimmering blue altar of Sif Muna.
  5839 | D:7      | Found a burning altar of Makhleb.
  5840 | D:7      | Found an iron altar of Okawaru.
  5877 | D:7      | Noticed Joseph
  5893 | D:7      | Reached skill level 4 in Spellcasting
  5895 | D:7      | Reached XP level 10. HP: 25/68 MP: 14/16
  6148 | D:7      | Killed Joseph
  6308 | D:7      | Found a staircase to the Ecumenical Temple.
  6334 | Temple   | Entered the Ecumenical Temple
  6339 | Temple   | Became a worshipper of Gozag Ym Sagoz the Greedy
  6957 | D:2      | Killed Robin
  7703 | D:8      | Reached skill level 5 in Spellcasting
  7748 | D:8      | Found Vykeeg Riaf's Neck Hole.
  8143 | D:9      | Noticed Erolcha
  8570 | D:6      | Bought a book of Dangerous Friends for 600 gold pieces
  8574 | D:6      | Learned a level 3 spell: Summon Guardian Golem
  8746 | D:8      | Noticed a centaur warrior
  8808 | D:9      | Reached skill level 1 in Hexes
  8977 | D:9      | Found a staircase to the Lair.
  9095 | D:9      | Noticed an orange demon
  9098 | D:9      | Noticed Amaemon
  9100 | D:9      | Reached skill level 1 in Summonings
  9113 | D:9      | Killed Amaemon
  9114 | D:9      | Reached skill level 6 in Spellcasting
  9114 | D:9      | Killed an orange demon
  9115 | D:9      | Reached skill level 1 in Air Magic
  9322 | D:9      | Noticed a two-headed ogre
  9324 | D:9      | Noticed a two-headed ogre
  9324 | D:9      | Noticed a tengu warrior
  9369 | D:9      | Reached skill level 1 in Throwing
  9383 | D:10     | Entered Level 10 of the Dungeon
 10031 | D:10     | Reached XP level 11. HP: 14/74 MP: 21/21
 10037 | D:10     | Reached skill level 7 in Spellcasting
 10262 | D:10     | Found Cuotig's Book Shoppe.
 10437 | D:10     | Found Xeubiyso's Antique Armour Emporium.
 10634 | D:10     | Found a shadowy altar of Dithmenos.
 10897 | Lair:1   | Entered Level 1 of the Lair of Beasts
 11062 | Lair:1   | Learned a level 3 spell: Swiftness
 12328 | D:9      | Reached skill level 8 in Spellcasting
 12395 | D:9      | Killed a two-headed ogre
 12396 | D:9      | Reached skill level 5 in Summonings
 12455 | D:9      | Killed a two-headed ogre
 12765 | D:9      | Killed Erolcha
 12767 | D:9      | Noticed Prince Ribbit
 12798 | D:9      | Killed Prince Ribbit
 13479 | D:9      | Found a staircase to the Orcish Mines.
 14503 | Lair:1   | Identified the +5 scale mail of the Dwarven Hall {rN+
                  | Dex+3}
 14587 | Lair:2   | Noticed a manticore
 14614 | Lair:2   | Reached XP level 12. HP: 20/80 MP: 22/24
 15094 | D:8      | HP: 4/80 [yak (15)]
 15097 | D:8      | Reached skill level 5 in Air Magic
 15098 | D:8      | Mangled by a yak

Illustrated notes

Levels and vault maps discovered:
D:1:      erik_arrival_cave_to_civilisation [erik_arrival_cave_to_temple],
          layout_basic, minmay_curled_crystal, minmay_close_crescents
D:2:      layout_basic, shapermc_ecumenical_altar_mp_urbaneastern, basic_altar,
          st_stairs_12, minmay_misc_feat_hallway, minmay_misc_feat_four_crosses,
          uniq_robin
D:3:      layout_loops_ring, grunt_temple_overflow_growth_and_decay,
          mainiacjoe_overflow_alcove_2, tso_metal_star,
          nicolae_ashenzari_skybound, serial_shops,
          nicolae_shop_pleasant_corner_grove
D:4:      layout_basic, nicolae_qazlal_style_of_elements,
          mainiacjoe_overflow_six_doors_small, mainiacjoe_overflow_alcove_4,
          minmay_rat_hole, uniq_eustachio
D:5:      layout_loops_ring, uniq_blork_the_orc, uniq_grinder, uniq_duvessa
D:6:      layout_basic, mainiacjoe_overflow_concentric_impassable,
          nicolae_alphabet_shops, uniq_sigmund
D:7:      layout_rooms, chequers_temple_overflow_statue_of_worship,
          mainiacjoe_overflow_small_starburst, minmay_temple_entry_waves,
          serial_park_tiny_2, dreamdust_gnoll_shepherd, uniq_joseph
D:8:      layout_gridville, nicolae_hepliaklqana_hippocampus,
          nemelex_xobeh_ov_fountains_minmay, nicolae_shop_sticking_my_neck_out
D:9:      cheibrodos_barr_body, layout_long_grid, lair_entry_dummy, erik_orc_1,
          uniq_amaemon, uniq_prince_ribbit1, uniq_erolcha
D:10:     layout_roguey, nicolae_overflow_hidden_temple, serial_shops,
          nicolae_shop_statue_plus, shop, hangedman_fish_farm
Temple:   hellmonk_temple_micro_hex
Lair:1:   layout_cave_pods, nicolae_lair_grazing_beasts
          [nicolae_sub_lair_graze_edge, nicolae_sub_lair_graze_edge,
          nicolae_sub_lair_graze_edge, nicolae_sub_lair_graze_edge]
Lair:2:   layout_regular_city, minmay_shoals_entry_beasts, dummy_spider_entry

Skill      XL: |  1  2  3  4  5  6  7  8  9 10 11 12 |
---------------+-------------------------------------+-----
Evocations     | 4 5 6 7 |  7.3
Unarmed Combat | 1 2 |  2.2
Dodging        | 3 4 5 6 7 |  7.0
Polearms       | 1 2 3 5 6 |  6.8
Fighting       | 2 4 6 |  6.6
Spellcasting   | 1 4 6 8 |  8.8
Hexes          | 1 3 |  3.4
Summonings     | 3 6 |  6.2
Air Magic      | 1 4 5 |  5.0
Throwing       | 1 |  1.4
Short Blades   | |  0.4
Long Blades    | |  0.1
Stealth        | |  1.3
Shields        | |  0.4
Conjurations   | |  0.4
Necromancy     | |  0.3
Translocations | |  0.4
Transmutations | |  0.5
Fire Magic     | |  0.1
Ice Magic      | |  0.2
Earth Magic    | |  0.3
Poison Magic   | |  0.8
Invocations    | |  0.3

Action                     |  1- 3 |  4- 6 |  7- 9 | 10-12 || total
---------------------------+-------+-------+-------+-------++-------
  Melee: Unarmed           |    72 |       |       |       ||    72
         Constrict         |    18 |     8 |    30 |    42 ||    98
         Tentacles         |    17 |     7 |    34 |    63 ||   121
         Trident           |     3 |    54 |   155 |   393 ||   605
         Punch             |       |       |     2 |     2 ||     4
   Cast: Summon Guardian G |       |       |       |    13 ||    13
  Evoke: Wand              |     3 |     9 |    21 |    50 ||    83
    Use: Scroll            |       |       |       |    22 ||    22
         Potion            |       |       |       |     4 ||     4
   Stab: Sleeping          |     9 |     6 |     7 |     6 ||    28
         Distracted        |       |       |     1 |     1 ||     2
         Paralysed         |       |       |       |     1 ||     1
 Armour: Skin              |     5 |       |     1 |    12 ||    18
  Dodge: Dodged            |    67 |    34 |    76 |   163 ||   340
